 Dungeon Crawl Stone Soup version 0.30-a0-591-g3c58d2bc28 (webtiles) character file.

Game seed: 3525135366382830441

119 Dartaoz the Gusty (level 5, -2/29 HPs)
             Began as a Tengu Air Elementalist on Jan 5, 2023.
             Slain by an orc priest
             ... wielding a +0 mace
              (3 damage)
             ... on level 3 of the Dungeon.
             The game lasted 00:05:54 (2680 turns).

Dartaoz the Gusty (Tengu Air Elementalist)          Turns: 2680, Time: 00:05:55

Health: -2/29      AC:  4    Str: 12    XL:     5   Next: 3%
Magic:  1/9        EV: 15    Int: 17    God:
Gold:   114        SH:  0    Dex: 14    Spells: 3/9 levels left

rFire   . . .      SeeInvis .    l - +1 dagger (venom)
rCold   + . .      Faith    .    (no shield)
rNeg    . . .      Spirit   .    a - +0 robe
rPois   .          Reflect  .    (helmet restricted)
rElec   .          Harm     .    (no cloak)
rCorr   .          Rampage  .    p - +1 pair of gloves {Str+3}
Will    .....                    (boots unavailable)
Stlth   ++                       (no amulet)
HPRegen 0.24/turn                i - ring of protection from cold
MPRegen 0.11/turn                (no ring)

@: flying quickly and evasively, quick
A: beak, talons 3, nimble flight
a: no special abilities


You were on level 3 of the Dungeon.
You visited 1 branch of the dungeon, and saw 3 of its levels.

You collected 114 gold pieces.

Inventory:

Hand Weapons
 d - a +0 dagger
 l - a +1 dagger of venom (weapon)
Armour
 a - a +0 robe (worn)
 p - a +1 pair of gloves of strength (worn)
Jewellery
 i - a ring of protection from cold (left hand)
Scrolls
 e - 5 scrolls of identify {unknown}
 f - 2 scrolls of teleportation {unknown}
 j - a scroll of immolation {unknown}
 m - a scroll of noise {unknown}
 n - a scroll of enchant weapon {unknown}
Potions
 b - a potion of magic
 c - a potion of attraction {unknown}
 g - a potion of lignification {unknown}
 h - a potion of cancellation {unknown}
 k - a potion of invisibility {unknown}
 o - a potion of brilliance {unknown}
 q - a potion of heal wounds {unknown}
 r - a potion of curing {unknown}


   Skills:
 + Level 1.5 Fighting
 + Level 3.0 Dodging
 + Level 2.7 Stealth
 + Level 2.5 Spellcasting
 + Level 2.8 Conjurations
 + Level 4.7 Air Magic


You had 3 spell levels left.
You knew the following spells:

 Your Spells              Type           Power      Damage    Failure   Level
a - Shock                 Conj/Air       60%        1d6       3%          1
b - Static Discharge      Conj/Air       30%        2-4/arc   6%          2
c - Swiftness             Air            18%        N/A       8%          3

Your spell library contained the following spells:

 Spells                   Type           Power      Damage    Failure   Level
 Summon Guardian Golem    Hex/Summ       2%         N/A       50%         3
 Airstrike                Air            9%         2d(2-18)  26%         4
 Orb of Destruction       Conj           5%         9d5       100%        7
 Spellforged Servitor     Conj/Summ      3%         N/A       100%        7


Dungeon Overview and Level Annotations

Branches:
Dungeon (3/15)

Altars:


Innate Abilities, Weirdness & Mutations

You have a beak for a mouth.
You have claws for feet.
Your magical nature lets you fly swiftly and evasively.


Message History

The orc priest is lightly wounded.
The adder bites you.
You are poisoned.
The adder poisons you!
Unknown command.
Casting: Shock (safe; 4% risk of failure)
Confirm with . or Enter, or press ? or * to list all spells.
The adder is struck by an arc of lightning.
The adder is severely wounded.
You are struck by an arc of lightning.
The adder is struck by an arc of lightning.
You kill the adder!
The lightning grounds out.
You feel sick.
You have reached level 5!
Your magical nature develops, letting you fly swiftly and evasively.
You are too injured to fight recklessly!
Aiming: Shock (safe; 3% risk of failure)
Press: ? - help, Q - select action, (/) - cycle Shift-Dir - straight line, f - orc priest
Aim: an orc priest, wielding a +0 mace and wearing a +0 chain mail (lightly wounded, 79% to hit)
The zap hits the orc priest.
The orc priest is heavily wounded.
You feel sick. The orc priest hits you with a +0 mace.
* * * LOW HITPOINT WARNING * * *
You closely miss the orc priest.
You claw the orc priest, but do no damage.
The orc priest is heavily wounded.
You feel sick.
The orc priest miscasts a cantrip.
You closely miss the orc priest.
The orc priest is heavily wounded.
You feel sick. The orc priest hits you with a +0 mace.
* * * LOW HITPOINT WARNING * * *
You hit the orc priest but do no damage.
The orc priest is poisoned.
You claw the orc priest.
The orc priest is severely wounded.
* * * LOW HITPOINT WARNING * * *
You feel sick.
You are no longer poisoned.
The orc priest hits you with a +0 mace.
You die...

#........#
....###o...#
?. ......#
#....#
.####.#)#
.......<#
#######)#
#o# #@# #.#
..# ####


You could see an orc priest (very poisoned).

Vanquished Creatures
  7 adders
  A worm (D:2)
  2 dart slugs
  2 orcs (D:3)
  7 ball pythons
  2 bats
  7 endoplasms
  3 giant cockroaches
  4 goblins
  3 hobgoblins (D:2)
  A jackal (D:2)
  4 kobolds
  4 rats (D:2)
47 creatures vanquished.

Notes
Turn   | Place    | Note
-------+----------+-------------------------------------------
     0 | D:1      | Dartaoz the Tengu Air Elementalist began the quest for the
                  | Orb.
     0 | D:1      | Reached XP level 1. HP: 10/10 MP: 4/4
   134 | D:1      | Reached XP level 2. HP: 16/16 MP: 0/6
   896 | D:2      | Reached XP level 3. HP: 20/20 MP: 1/7
  1088 | D:2      | Reached skill level 1 in Fighting
  1423 | D:2      | Reached XP level 4. HP: 25/25 MP: 5/8
  1466 | D:2      | Learned a level 2 spell: Static Discharge
  1470 | D:2      | Learned a level 3 spell: Swiftness
  2244 | D:2      | Found a faded altar of an unknown god.
  2677 | D:3      | Gained mutation: Your magical nature lets you fly swiftly
                  | and evasively. [Tengu growth]
  2677 | D:3      | Reached XP level 5. HP: 11/29 MP: 1/9
  2680 | D:3      | HP: 1/29 [poisoned by an adder]
  2680 | D:3      | Slain by an orc priest

Illustrated notes

Levels and vault maps discovered:
D:1:      dpeg_arrival_lava_altar, layout_rooms, roderic_lattice_a
D:2:      minmay_razor_zed, layout_basic, serial_rivers,
          chequers_serial_rivers_micro_d, chequers_serial_rivers_micro_b,
          chequers_serial_rivers_large_a, chequers_serial_rivers_micro_b,
          chequers_serial_rivers_small_3, chequers_serial_rivers_micro_e,
          hellmonk_ecumenical_altar_inner_sanctum
D:3:      layout_loops_corners, serial_shops, nicolae_shop_statue_plus, shop

Skill      XL: |  1  2  3  4 |
---------------+-------------+-----
Conjurations   | 2 |  2.8
Fighting       | 1 |  1.5
Dodging        | 3 |  3.0
Stealth        | |  2.7
Spellcasting   | |  2.5
Air Magic      | |  4.7

Action                   |  1- 3 |  4- 6 || total
-------------------------+-------+-------++-------
Melee: Dagger            |     2 |    12 ||    14
       Peck              |       |     2 ||     2
       Kick              |       |     3 ||     3
 Cast: Shock             |    56 |    31 ||    87
       Static Discharge  |       |     3 ||     3
Armor: Robe              |       |     4 ||     4
Dodge: Dodged            |     4 |    16 ||    20

Table legend: (Time is in decaauts)
 A = Elapsed time spent in this place.
 B = Non-inter-level travel time spent in this place.
 C = Inter-level travel time spent in this place.
 D = Time resting spent in this place.
 E = Time spent auto-exploring this place.
 F = Levels seen in this place.
 G = Mean time per level.
                   A        B        C        D        E       F      G
               +--------+--------+--------+--------+--------+-----+--------+
         Total |   2691 |   2633 |     58 |      0 |   2383 |   3 |  897.0 |
       Dungeon |   2691 |   2633 |     58 |      0 |   2383 |   3 |  897.0 |
               +--------+--------+--------+--------+--------+-----+--------+

Top non-repeatable levels by time:
     D:2: 1918 daAuts
     D:1: 757 daAuts
     D:3: 15 daAuts
